 Dungeon Crawl Stone Soup version 0.19.0-22-gd96e5fe (webtiles) character file.

7619 joejoepie the Archer (level 10, -6/90 HPs)
             Began as a Minotaur Hunter on Nov 18, 2016.
             Was a High Priest of Dithmenos.
             Mangled by a spiny frog (13 damage)
             ... on level 1 of the Lair of Beasts on Nov 19, 2016.
             The game lasted 01:49:24 (12253 turns).

joejoepie the Archer (Minotaur Hunter)             Turns: 12253, Time: 01:49:32

Health: -6/90      AC: 19    Str: 18    XL:     10   Next: 98%
Magic:  9/9        EV:  8    Int:  8    God:    Dithmenos [*****.]
Gold:   300        SH:  0    Dex: 13    Spells: 1 memorised, 8 levels left

rFire  . . .     SeeInvis .     b - +6 long sword (freeze)
rCold  . . .     Gourm    .     A - +0 plate armour
rNeg   . . .     Faith    .     (no shield)
rPois  .         Spirit   .     (helmet restricted)
rElec  .         Reflect  .     s - +0 cloak
rCorr  .         Harm     .     u - +0 pair of gloves
MR     +....                    N - +0 pair of boots
Stlth  ..........               (no amulet)
                                E - ring of protection from magic
                                n - ring of wizardry

@: lethally poisoned (-6 -> -24), about to teleport, very slightly contaminated,
wreathed by umbra, invisible (expiring)
A: retaliatory headbutt, horns 2
a: Shadow Step, Shadow Form, Renounce Religion


You were on level 1 of the Lair of Beasts.
You worshipped Dithmenos.
Dithmenos was extremely pleased with you.
You were not hungry.

You visited 3 branches of the dungeon, and saw 12 of its levels.

You collected 412 gold pieces.
You spent 112 gold pieces at shops.

Inventory:

Hand Weapons
 a - a +2 shortbow
 b - a +6 long sword of freezing (weapon)
 i - a +0 great sword
 p - a +0 hunting sling
 v - a +0 short sword of holy wrath
 B - a +0 spear of venom
 M - a +0 whip of electrocution
 Y - a +1 scimitar
 Z - a cursed +4 short sword
Missiles
 c - 4 tomahawks (quivered)
 e - 43 arrows
 f - 4 tomahawks of returning
 k - 38 sling bullets
 m - 277 stones
 K - 7 javelins
Armour
 s - a +0 cloak (worn)
 u - a +0 pair of gloves (worn)
 A - a +0 plate armour (worn)
 N - a +0 pair of boots (worn)
 P - a +0 ring mail
 R - a +0 shield
Magical Staves
 D - an uncursed staff of energy
Jewellery
 n - a ring of wizardry (left hand)
 x - a cursed ring of magical power
 y - an uncursed ring of flight {unknown}
 E - a ring of protection from magic (right hand)
 G - a cursed ring of teleportation {unknown}
 I - an uncursed ring of see invisible {unknown}
Wands
 d - a wand of lightning (4/15)
 l - a wand of acid (2/15)
 r - a wand of polymorph (16/24)
 S - a wand of disintegration (7/24)
Scrolls
 C - a scroll of teleportation
 H - 2 scrolls of remove curse
 J - 3 scrolls of amnesia
 L - 2 scrolls of magic mapping
Potions
 g - 2 potions of agility
 h - a potion of cure mutation
 o - 3 potions of magic {unknown}
 q - 2 potions of lignification
 z - 2 potions of degeneration {unknown}
 Q - a potion of might {unknown}
Books
 O - a book of Frost

   Spells                             Type                      Level
   a - Freeze                         Ice                          1
   b - Throw Frost                    Conjuration/Ice              2
   c - Ozocubu's Armour               Charms/Ice                   3
   d - Throw Icicle                   Conjuration/Ice              4
   e - Summon Ice Beast               Ice/Summoning                4
Comestibles
 j - 9 meat rations
 w - 2 bread rations
 X - 4 fruits


   Skills:
 + Level 8.5 Fighting
 + Level 2.9(5.4) Short Blades
 + Level 7.8(8.2) Long Blades
 + Level 11.5 Bows
 + Level 1.0 Throwing
 * Level 10.2 Armour
 + Level 4.0 Dodging
 + Level 1.6 Stealth
 + Level 0.1 Spellcasting


You had 8 spell levels left.
You knew the following spells:

 Your Spells              Type           Power        Failure   Level  Hunger
a - Freeze                Ice            #...         100%        1    ##.....


Dungeon Overview and Level Annotations

Branches:
Dungeon (9/15)             Temple (1/1) D:7            Lair (2/6) D:9
  Swamp: Lair:2-4    Shoals: Lair:2-4     Snake: Lair:2-4    Spider: Lair:2-4
    Orc: D:9-12

Altars:
Dithmenos
Elyvilon
Gozag
Makhleb
Nemelex Xobeh
Qazlal
Vehumet
Xom
Zin

Shops:
D:4 (   D:5 %   D:7 ?

Annotations:
D:6 Duvessa


Innate Abilities, Weirdness & Mutations

You reflexively headbutt those who attack you in melee.
You have a pair of horns on your head.


Message History

You feel very sick. The spiny frog stings you!
* * * LOW HITPOINT WARNING * * *
You hit the spiny frog but do no damage.
The spiny frog is moderately wounded.
* * * LOW HITPOINT WARNING * * *
You feel sick. The spiny frog barely misses you. You furiously retaliate!
You headbutt the spiny frog.
As you read the scroll of teleportation, it crumbles to dust.
You feel strangely unstable.
* * * LOW HITPOINT WARNING * * *
You feel sick. The spiny frog stings you!
* * * LOW HITPOINT WARNING * * *
You catch the helpless spiny frog completely off-guard!
You slash the spiny frog! You freeze the spiny frog.
You headbutt the spiny frog!
The spiny frog is almost dead.
* * * LOW HITPOINT WARNING * * *
You feel sick. The spiny frog stings you!
You die...

##....##
#####..##.####...
##.....# ####...#.#####
#### .......#
####.......## #
##...P.## #.#.......##
## ##.....####........##
#. #####..............#
## ### ####>.........##
# #P######.......F.....#
# .......##.......@....#
### #
.......#...P.......#.##
##.##
...........#.......#..##
##...#
..........###.....###.P#
#....## )........##
###..## #..####.....#
.........# ####
#..P##......# .........#
##..##....... ........##
##.......... ........#
##.#.......


You could see a spiny frog.

Vanquished Creatures
  A komodo dragon (D:9)
  The ghost of newuser the Sneak, a novice HaFE (D:6)
  3 blink frogs (Lair:1)
  2 hippogriffs (Lair:1)
  A wyvern (D:8)
  10 yaks
  4 water moccasins (Lair:1)
  2 orc warriors
  A black bear (D:9)
  4 sky beasts
  An ice beast (D:9)
  3 ogres
  3 crocodiles (Lair:1)
  A centaur (D:5)
  2 big kobolds (D:8)
  8 bullfrogs
  A gnoll sergeant (D:9)
  2 scorpions
  Dowan (D:6)
  4 killer bees (D:9)
  9 wights (D:7)
  3 howler monkeys (D:9)
  6 crimson imps
  3 hounds
  2 jellies
  2 quasits
  6 orc priests
  6 orc wizards
  A centaur skeleton (D:6)
  2 bullfrog skeletons
  An iguana (D:5)
  9 worker ants
  2 hound skeletons
  A worker ant zombie (D:5)
  3 gnolls (D:9)
  9 adders
  An ooze (D:3)
  An adder zombie (D:5)
  3 worms (D:2)
  An adder skeleton (D:6)
  2 dart slugs (D:2)
  5 leopard geckos
  27 orcs
  9 bats
  9 giant cockroaches
  7 goblins
  8 hobgoblins
  12 jackals
  17 kobolds
  3 quokkas
  A ball python (D:3)
  A ball python skeleton (D:4)
  4 frilled lizards
  A quokka skeleton (D:7)
  10 rats
  A fungus (Lair:1)
  A plant (Lair:1)
244 creatures vanquished.

Vanquished Creatures (others)
  19 plants (D:9)
19 creatures vanquished.

Grand Total: 263 creatures vanquished

Notes
Turn   | Place    | Note
-------+----------+-------------------------------------------
     0 | D:1      | joejoepie the Minotaur Hunter began the quest for the Orb.
     0 | D:1      | Reached XP level 1. HP: 18/18 MP: 0/0
    84 | D:1      | Found a shadowy altar of Dithmenos.
   116 | D:1      | Reached XP level 2. HP: 25/25 MP: 1/1
   145 | D:1      | Became a worshipper of Dithmenos the Shadowed
   310 | D:1      | Reached skill level 5 in Bows
  1090 | D:2      | Reached XP level 3. HP: 30/30 MP: 2/2
  1222 | D:2      | Reached * piety under Dithmenos
  1258 | D:2      | Reached XP level 4. HP: 9/37 MP: 3/3
  1625 | D:2      | Reached skill level 6 in Bows
  1840 | D:2      | Reached skill level 1 in Armour
  2421 | D:3      | Noticed a bullfrog
  2425 | D:3      | Killed a bullfrog
  2425 | D:3      | Reached XP level 5. HP: 34/45 MP: 4/4
  2722 | D:3      | Reached ** piety under Dithmenos
  2959 | D:3      | Reached skill level 1 in Short Blades
  2959 | D:3      | Reached XP level 6. HP: 38/51 MP: 5/5
  3365 | D:4      | Reached skill level 1 in Stealth
  3393 | D:4      | Reached skill level 7 in Bows
  3412 | D:4      | HP: 2/51 [worker ant (5)]
  3417 | D:4      | HP: 1/51 [poisoned by a worker ant]
  4323 | D:5      | Entered Level 5 of the Dungeon
  4380 | D:5      | Reached skill level 1 in Throwing
  4479 | D:5      | Reached XP level 7. HP: 46/58 MP: 6/6
  4900 | D:5      | Found Amixuwno's Food Emporium.
  4914 | D:5      | Bought a meat ration for 55 gold pieces
  5559 | D:4      | Reached *** piety under Dithmenos
  5565 | D:4      | Reached skill level 1 in Long Blades
  5565 | D:4      | Reached skill level 8 in Bows
  5983 | D:4      | Found Maev's Weapon Emporium.
  5986 | D:4      | Bought 24 arrows for 57 gold pieces
  6356 | D:6      | Learned a level 1 spell: Freeze
  6429 | D:6      | Reached XP level 8. HP: 61/67 MP: 7/7
  6688 | D:6      | Reached skill level 5 in Fighting
  6840 | D:6      | Noticed newuser's ghost (novice HaFE)
  6872 | D:6      | Killed newuser's ghost
  6896 | D:6      | Noticed Dowan
  6898 | D:6      | Noticed Duvessa
  6940 | D:6      | Killed Dowan
  7425 | D:6      | Reached skill level 9 in Bows
  7435 | D:6      | Reached skill level 5 in Armour
  7761 | D:7      | Found a staircase to the Ecumenical Temple.
  7762 | D:7      | Found Furamuiv's Magic Scroll Shop.
  7767 | D:7      | Got a fine ring mail
  7774 | Temple   | Entered the Ecumenical Temple
  7807 | D:7      | Reached XP level 9. HP: 73/74 MP: 8/8
  8073 | D:7      | Reached skill level 5 in Long Blades
  8230 | D:7      | Reached **** piety under Dithmenos
  8418 | D:7      | Got a brightly glowing leather armour
  9111 | D:8      | Reached skill level 10 in Bows
  9716 | D:9      | Reached XP level 10. HP: 29/86 MP: 9/9
 10808 | D:9      | Reached skill level 11 in Bows
 11052 | D:9      | Found a staircase to the Lair.
 11080 | D:9      | Noticed a hill giant
 11096 | Lair:1   | Entered Level 1 of the Lair of Beasts
 11429 | Lair:1   | Reached ***** piety under Dithmenos
 11658 | Lair:1   | Reached skill level 10 in Armour
 12232 | Lair:2   | Noticed a spiny frog
 12253 | Lair:1   | Mangled by a spiny frog

Skill      XL: |  1  2  3  4  5  6  7  8  9 10 |
---------------+-------------------------------+-----
Bows           | 5 6 7 8 9 10 11 | 11.5
Armour         | 1 2 5 8 10 | 10.2
Fighting       | 3 4 5 7 8 |  8.5
Short Blades   | 1 2 |  2.9
Dodging        | 3 4 |  4.0
Stealth        | 1 |  1.6
Throwing       | 1 |  1.0
Long Blades    | 2 4 6 7 |  7.8
Spellcasting   | |  0.1

Action                   |  1- 3 |  4- 6 |  7- 9 | 10-12 || total
-------------------------+-------+-------+-------+-------++-------
Melee: Short sword       |    28 |       |       |       ||    28
       Headbutt          |     3 |    13 |    63 |    24 ||   103
       Rapier            |    12 |    99 |    18 |       ||   129
       Long sword        |       |       |   287 |   125 ||   412
       Shortbow          |       |       |     2 |       ||     2
 Fire: Shortbow          |    67 |   108 |   213 |    98 ||   486
Throw: Stone             |     2 |    18 |       |       ||    20
       Tomahawk          |       |    12 |       |       ||    12
Evoke: Wand              |       |       |     3 |       ||     3
  Use: Scroll            |     2 |     8 |     9 |     4 ||    23
       Potion            |     1 |     5 |     3 |     1 ||    10
 Stab: Invisible         |       |       |       |     1 ||     1
  Eat: Chunk             |     1 |     2 |     4 |     1 ||     8
       Bread ration      |       |     1 |     2 |     1 ||     4
       Royal jelly       |       |     1 |       |       ||     1
       Beef jerky        |       |     1 |       |       ||     1
       Meat ration       |       |       |     1 |       ||     1
       Pizza             |       |       |       |     1 ||     1
Armor: Leather armour    |    24 |    23 |    17 |       ||    64
       Plate armour      |       |       |   292 |    81 ||   373
Dodge: Dodged            |    46 |   113 |   198 |    51 ||   408
       Rpst.: Long sword |       |       |    42 |    11 ||    53
